 Dungeon Crawl Stone Soup version 0.30-a0-881-g1ff12e1e11 (webtiles) character file.

Game seed: 14384468497371086777

76 dialectric the Trooper (level 4, -1/35 HPs)
             Began as a Demonspawn Fighter on Mar 14, 2023.
             Slain by a goblin
             ... wielding a +0 dagger
             ... led by Robin
              (2 damage)
             ... on level 3 of the Dungeon.
             The game lasted 00:02:31 (2082 turns).

dialectric the Trooper (Demonspawn Fighter)         Turns: 2082, Time: 00:02:32

Health: -1/35      AC:  9    Str: 19    XL:     4   Next: 12%
Magic:  3/3        EV: 10    Int:  9    God:
Gold:   71         SH:  0    Dex: 10    Spells: 3/3 levels left

rFire   . . .      SeeInvis .    a - +0 long sword
rCold   . . .      Faith    .    (no shield)
rNeg    . . .      Spirit   .    b - +0 scale mail
rPois   +          Reflect  .    (helmet restricted)
rElec   .          Rampage  .    (no cloak)
rCorr   .                        t - +0 pair of gloves
Will    .....                    (no boots) Stlth
                                 (no amulet)
HPRegen 0.25/turn                j - ring of poison resistance
MPRegen 0.08/turn                (no ring)

@: no status effects
A: horns 1, icy blue scales 1, hooves 1, clumsy 1, low MP 1
a: no special abilities


You were on level 3 of the Dungeon.
You visited 1 branch of the dungeon, and saw 3 of its levels.

You collected 71 gold pieces.

Inventory:

Hand Weapons
 a - a +0 long sword (weapon)
Armour
 b - a +0 scale mail (worn)
 c - a +0 buckler
 t - a +0 pair of gloves (worn)
Jewellery
 j - a ring of poison resistance (left hand)
 o - a ring of magical power
Scrolls
 e - 2 scrolls of identify {unknown}
 h - a scroll of immolation {unknown}
 i - 2 scrolls of torment {unknown}
 k - a scroll of enchant armour {unknown}
 m - a scroll of magic mapping {unknown}
 p - a scroll of noise {unknown}
 q - 2 scrolls of enchant weapon {unknown}
 r - a scroll of amnesia {unknown}
 s - a scroll of blinking {unknown}
Potions
 l - a potion of mutation
 n - a potion of attraction


   Skills:
 + Level 3.3 Fighting
 + Level 3.0 Long Blades
 + Level 3.1 Armour
 * Level 1.2 Dodging
 - Level 2.6 Shields


You had 3 spell levels left.
You didn't know any spells.
Your spell library contained the following spells:

 Spells                   Type           Power      Damage    Failure   Level
 Summon Small Mammal      Summ           0%         N/A       77%         1
 Call Canine Familiar     Summ           0%         N/A       98%         3
 Ozocubu's Armour         Ice            0%         N/A       98%         3
 Summon Guardian Golem    Hex/Summ       0%         N/A       98%         3
 Ozocubu's Refrigeration  Ice            0%         4d7       100%        7


Dungeon Overview and Level Annotations

Branches:
Dungeon (3/15)

Altars:
Sif Muna


Innate Abilities, Weirdness & Mutations

You have a pair of small horns on your head.
You are partially covered in icy blue scales. (AC +2)
You have large cloven feet.
You are clumsy. (Dex -2)
Your magical capacity is low. (-10% MP)


Message History

The magic dart hits you.
The goblin shoots a sling bullet.
The sling bullet hits you but does no damage.
The goblin shoots a sling bullet.
The sling bullet hits you but does no damage.
The goblin shoots a sling bullet.
The sling bullet closely misses you.
The goblin shoots a sling bullet.
The sling bullet hits you.
The goblin shoots a sling bullet.
The sling bullet hits you.
* * * LOW HITPOINT WARNING * * *
A goblin comes into view. It is wielding a +0 club.
You completely miss the goblin. Your kick misses the goblin.
The goblin unwields a +0 sling.
The goblin wields a +0 club.
The goblin hits you but does no damage.
The goblin unwields a +0 sling.
The goblin wields a +0 dagger.
The goblin hits you with a +0 dagger.
* * * LOW HITPOINT WARNING * * *
The goblin unwields a +0 club.
The goblin wields a +0 sling.
The goblin shoots a sling bullet.
The sling bullet barely misses you.
The orc wizard hits you with a +0 dagger.
* * * LOW HITPOINT WARNING * * *
The goblin misses you.
The orc wizard attacks as you move away!
The orc wizard hits you but does no damage.
The goblin attacks as you move away! The goblin hits you with a +0 dagger.
* * * LOW HITPOINT WARNING * * *
You feel less confused.
The goblin shoots a sling bullet.
The sling bullet hits you.
* * * LOW HITPOINT WARNING * * *
The orc closely misses you.
You closely miss the goblin.
The goblin shoots a sling bullet.
The sling bullet closely misses you.
The orc wizard hits you but does no damage.
The orc hits you but does no damage. The goblin misses you.
The orc wizard barely misses you. The goblin misses you.
The goblin barely misses you.
The goblin shoots a sling bullet.
The sling bullet hits you but does no damage.
The orc hits you with a +0 war axe.
* * * LOW HITPOINT WARNING * * *
The goblin hits you with a +0 dagger.
You die...

######### ........# #
........##############.##
........#................
........#................
........#................
..............gogo.......
#####...#......g@.....###
####.§###.............#
.§.§.####.............#
.§§§§...'.............#
#########...............
# #.............#.# #
#................ gg
#..........PPPPP g..
.........PPP..


You could see an orc wizard, an orc and 3 goblins.

Vanquished Creatures
  Robin (D:3)
  A gnoll (D:1)
  2 dart slugs
  2 orcs
  An endoplasm (D:1)
  A giant cockroach (D:1)
  9 goblins
  7 hobgoblins
  6 jackals
  4 ball pythons
  2 bats (D:1)
  2 frilled lizards (D:1)
  6 kobolds
  3 rats (D:1)
47 creatures vanquished.

Vanquished Creatures (others)
  An endoplasm (D:3)
1 creature vanquished.

Grand Total: 48 creatures vanquished

Notes
Turn   | Place    | Note
-------+----------+-------------------------------------------
     0 | D:1      | dialectric the Demonspawn Fighter began the quest for the
                  | Orb.
     0 | D:1      | Reached XP level 1. HP: 18/18 MP: 1/1
   151 | D:1      | Gained mutation: You have a pair of small horns on your
                  | head. [demonic ancestry]
   151 | D:1      | Reached XP level 2. HP: 24/24 MP: 2/2
  1040 | D:1      | Reached XP level 3. HP: 23/29 MP: 3/3
  1356 | D:2      | Reached skill level 1 in Dodging
  1865 | D:3      | Noticed Robin
  1879 | D:3      | Gained mutation: Your magical capacity is low. (-10% MP)
                  | [potion of mutation]
  1879 | D:3      | Gained mutation: You are clumsy. (Dex -2) [potion of
                  | mutation]
  1879 | D:3      | Gained mutation: You have large cloven feet. [potion of
                  | mutation]
  1885 | D:3      | Killed Robin
  1887 | D:3      | Gained mutation: You are partially covered in icy blue
                  | scales. (AC +2) [demonic ancestry]
  1887 | D:3      | Reached XP level 4. HP: 4/35 MP: 3/3
  1894 | D:3      | Found a shimmering blue altar of Sif Muna.
  1898 | D:3      | HP: 1/35 [goblin/sling bullet[Robin] (2)]
  2082 | D:3      | HP: 1/35 [orc/+0 war axe (2)]
  2082 | D:3      | Slain by a goblin

Illustrated notes

Levels and vault maps discovered:
D:1:      scummos_arrival_simple_crosswalls, layout_basic,
          minmay_misc_feat_columns, hex_medium, minmay_hexomino_u4
D:2:      layout_loops_ring
D:3:      layout_basic, nicolae_dithmenos_the_darkroom,
          mainiacjoe_overflow_catch_the_wave, minmay_close_crescents,
          uniq_robin, uniq_jessica

Skill      XL: |  1  2  3 |
---------------+----------+-----
Long Blades    | 2 3 |  3.0
Dodging        | 1 |  1.2
Armour         | 3 |  3.1
Fighting       | |  3.3
Shields        | |  2.6

Action                     |  1- 3 |  4- 6 || total
---------------------------+-------+-------++-------
  Melee: Long sword        |   116 |    11 ||   127
         Headbutt          |    11 |       ||    11
         Kick              |     1 |     2 ||     3
    Use: Potion            |     5 |     1 ||     6
 Armour: Scale mail        |    85 |    22 ||   107
  Dodge: Dodged            |    67 |    28 ||    95

Table legend: (Time is in decaauts)
 A = Elapsed time spent in this place.
 B = Non-inter-level travel time spent in this place.
 C = Inter-level travel time spent in this place.
 D = Time resting spent in this place.
 E = Time spent auto-exploring this place.
 F = Levels seen in this place.
 G = Mean time per level.
                   A        B        C        D        E       F      G
               +--------+--------+--------+--------+--------+-----+--------+
         Total |   2100 |   2025 |     75 |    125 |   1549 |   3 |  700.0 |
       Dungeon |   2100 |   2025 |     75 |    125 |   1549 |   3 |  700.0 |
               +--------+--------+--------+--------+--------+-----+--------+

Top non-repeatable levels by time:
     D:1: 1200 daAuts
     D:2: 788 daAuts
     D:3: 111 daAuts
